 Dungeon Crawl Stone Soup version 0.30.1-4-g462c640d31 (webtiles) character file.

Game seed: 12234884456179492391

15141 Aj7335 the Severer (level 11, -9/101 HPs)
             Began as a Minotaur Berserker on May 23, 2023.
             Was a High Priest of Trog.
             Mangled by a yak (13 damage)
             ... on level 2 of the Lair of Beasts on Aug 18, 2023.
             The game lasted 00:28:39 (13158 turns).

Aj7335 the Severer (Minotaur Berserker)            Turns: 13158, Time: 00:28:39

Health: -9/101     AC: 13    Str: 19    XL:     11   Next: 98%
Magic:  10/10      EV: 16    Int:  4    God:    Trog [*****.]
Gold:   688        SH:  0    Dex: 19    Spells: 10/10 levels left

rFire   + . .        q - +11 executioner's axe "Hapoh" {flame, Fly rCorr Str-2 Dex+4}
rCold   . . .        (shield currently unavailable)
rNeg    . . .        d - +1 chain mail
rPois   .            (helmet restricted)
rElec   .            (no cloak)
rCorr   +            (no gloves)
SInv    .            (no boots)
Will    .....        i - amulet of faith Stlth
                     o - ring of protection from fire
HPRegen 0.36/turn    C - +5 ring of evasion
MPRegen 0.12/turn

%: faith
@: on berserk cooldown, flying, slowed, very slow
A: horns 2, retaliatory headbutt
a: Renounce Religion, Berserk, Trog's Hand, Brothers in Arms


You were on level 2 of the Lair of Beasts.
You worshipped Trog.
Trog was extremely pleased with you.
You visited 3 branches of the dungeon, and saw 13 of its levels.

You collected 688 gold pieces.

Inventory:

Hand Weapons
 q - the +11 executioner's axe "Hapoh" (weapon) {flame, Fly rCorr Str-2 Dex+4}
   (Trog gifted it to you on level 9 of the Dungeon)

   Str:       It affects your strength (-2).
   Dex:       It affects your dexterity (+4).
   Fly:       It grants you flight.
   rCorr:     It protects you from acid and corrosion.
 E - a +4 war axe
 F - a +5 great sword
 J - a +3 war axe of draining
Armour
 d - a +1 chain mail (worn)
Jewellery
 b - a ring of protection from cold
 i - an amulet of faith (around neck)
 o - a ring of protection from fire (left hand)
 C - a +5 ring of evasion (right hand)
 G - an amulet of magic regeneration
Scrolls
 e - a scroll of butterflies
 g - a scroll of blinking
 l - 2 scrolls of immolation
 m - a scroll of teleportation
 p - 6 scrolls of magic mapping
 r - 4 scrolls of fear
 t - 4 scrolls of noise
 v - a scroll of fog {unknown}
 w - 3 scrolls of amnesia
 A - 3 scrolls of poison
Potions
 c - 4 potions of flight
 f - 5 potions of brilliance
 h - a potion of invisibility {unknown}
 j - 4 potions of curing
 k - 2 potions of mutation
 n - 3 potions of haste {unknown}
 s - 2 potions of degeneration {unknown}
 u - 3 potions of heal wounds {unknown}


   Skills:
 + Level 10.6 Fighting
 + Level 16.9 Axes
 + Level 11.8 Armour
 + Level 4.9 Dodging
 + Level 1.8 Stealth


You had 10 spell levels left.
You didn't know any spells.
Your spell library was empty.

Dungeon Overview and Level Annotations

Branches:
Dungeon (10/15)            Temple (1/1) D:4            Lair (2/5) D:10
 Shoals (0/4) Lair:2        Snake (0/4) Lair:2          Orc (0/2) D:9

Altars:
Ashenzari
Cheibriados
Dithmenos
Elyvilon
Fedhas
Gozag
Kikubaaqudgha
Makhleb
Qazlal
Ru
Sif Muna
Trog
Uskayaw
Wu Jian
Yredelemnul
Zin
The Shining One


Innate Abilities, Weirdness & Mutations

You have a pair of horns on your head.
You reflexively headbutt those who attack you in melee.


Message History

The torpor snail is engulfed in poison gas.
The torpor snail is poisoned.
The yak barely misses you.
The yak is engulfed in poison gas.
The yak is poisoned.
The yak closely misses you. The yak gores you.
* * * LOW HITPOINT WARNING * * *
The yak is engulfed in poison gas.
The yak looks even sicker.
The yak closely misses you.
The yak is engulfed in poison gas.
The yak looks even sicker.
The yak gores you.
* * * LOW HITPOINT WARNING * * *
The yak closely misses you.
You feel better.
You feel yourself speed up.
The bullfrog is engulfed in poison gas.
The bullfrog looks even sicker.
The yak is engulfed in poison gas.
The yak looks even sicker.
The yak barely misses you. The yak closely misses you.
The yak gores you but does no damage. The yak closely misses you.
You furiously retaliate!
You headbutt the yak!
You kill the yak!
Trog accepts your kill.
The yak is engulfed in poison gas.
The yak looks even sicker.
The yak barely misses you. The yak gores you.
* * * LOW HITPOINT WARNING * * *
The yak is engulfed in poison gas.
The yak looks even sicker.
The yak gores you but does no damage.
Being near the torpor snail leaves you feeling lethargic.
You carve the yak like a ham!!! You burn the yak.
You kill the yak!
Trog accepts your kill.
You hit the yak. You burn the yak. You slice the yak!! You burn the yak!
You kill the yak!
Trog accepts your kill.
You barely miss the yak. You hit the yak. You burn the yak.
You completely miss the yak.
The bullfrog hits you but does no damage.
The yak is engulfed in poison gas.
The yak looks even sicker.
The yak is engulfed in poison gas.
The yak looks as sick as possible!
The yak looks even sicker.
The yak gores you!
* * * LOW HITPOINT WARNING * * *
The yak gores you!
You die...

#.# ##### #...
##§§##§§§##P§§.
###§§§§§§§§§§.§..#
#.§§§§☼§§§§§§....#
..§§§§§§§☼§§§....
..☼§§§§§§§§w....
..§§§§§§§§§# .#
..§☼§§§§YY##§###§.
..§☼§§☼.F@Y§☼§§§§.
..☼§§§§§YY..§§P§§.
..§☼§§§§§Y☼.§§P§§.
#.§§§§.§§☼☼P☼§§§§P
##§§§§§§§§§§P.§§§.
.§§§☼§§§§§§§☼§§§.
.#§§§§§§§§P§§§§§.
#§§§§§§§§§§§§§§.


You could see a torpor snail (poisoned), 6 yaks and a bullfrog (very poisoned).

Vanquished Creatures
  A two-headed ogre (D:6)
  An oklob plant (D:10)
  A black mamba (Lair:1)
  A torpor snail (Lair:1)
  A guardian serpent (Lair:2)
  A cane toad (Lair:1)
  Maggie (D:8)
  2 komodo dragons (Lair:1)
  A troll (D:7)
  3 dream sheep (Lair:2)
  45 yaks
  Eustachio (D:4)
  A wyvern (Lair:2)
  A basilisk (Lair:2)
  4 vampire mosquitoes (D:10)
  Menkaure (D:5)
  8 water moccasins
  Duvessa (D:5)
  4 orc warriors (D:9)
  A sky beast (D:6)
  An ogre (D:5)
  4 centaurs
  3 kobold brigands
  A phantom (D:5)
  5 bullfrogs
  5 wights (D:8)
  Dowan (D:5)
  8 killer bees
  A gnoll bouda (D:7)
  8 orc priests
  6 hounds
  3 jellies
  9 orc wizards
  4 iguanas
  Ijyb (D:5)
  4 gnolls (D:6)
  4 adders
  A shadow imp (D:7)
  3 white imps
  An ufetubus (D:5)
  6 worms
  2 dart slugs
  48 orcs
  8 bats
  6 endoplasms
  4 giant cockroaches
  3 goblins
  4 hobgoblins
  5 jackals
  4 quokkas
  6 ball pythons
  3 frilled lizards
  19 kobolds
  6 rats
277 creatures vanquished.

Notes
Turn   | Place    | Note
-------+----------+-------------------------------------------
     0 | D:1      | Aj7335 the Minotaur Berserker began the quest for the Orb.
     0 | D:1      | Reached XP level 1. HP: 19/19 MP: 0/0
   193 | D:1      | Found a faded altar of an unknown god.
   202 | D:1      | Reached XP level 2. HP: 27/27 MP: 1/1
   317 | D:1      | Reached skill level 4 in Axes
   597 | D:1      | Reached ** piety under Trog
   945 | D:2      | Identified the +10 falchion of Uprod {drain, Will++ Dex+3
                  | SInv Stlth-}
   997 | D:2      | Reached XP level 3. HP: 27/33 MP: 2/2
  1867 | D:3      | Reached XP level 4. HP: 40/41 MP: 3/3
  2033 | D:3      | Reached *** piety under Trog
  2399 | D:4      | Reached skill level 5 in Axes
  2510 | D:4      | Noticed Eustachio
  2520 | D:4      | Reached XP level 5. HP: 47/47 MP: 4/4
  2531 | D:4      | Killed Eustachio
  2532 | D:4      | Reached skill level 5 in Fighting
  2532 | D:4      | Reached skill level 6 in Axes
  2532 | D:4      | Reached XP level 6. HP: 53/56 MP: 5/5
  2982 | D:4      | Reached **** piety under Trog
  3315 | D:4      | Found a staircase to the Ecumenical Temple.
  3364 | D:4      | Found a sacrificial altar of Ru.
  3764 | Temple   | Entered the Ecumenical Temple
  4058 | D:5      | Entered Level 5 of the Dungeon
  4058 | D:5      | Noticed a water moccasin
  4068 | D:5      | Killed a water moccasin
  4069 | D:5      | Reached skill level 7 in Axes
  4069 | D:5      | Reached XP level 7. HP: 41/62 MP: 6/6
  4172 | D:5      | Reached skill level 5 in Armour
  5190 | D:5      | Noticed Ijyb
  5192 | D:5      | Noticed Duvessa
  5193 | D:5      | Noticed Dowan
  5196 | D:5      | Killed Ijyb
  5196 | D:5      | Noticed Menkaure
  5202 | D:5      | Killed Duvessa
  5203 | D:5      | Reached skill level 8 in Axes
  5207 | D:5      | Killed Dowan
  5208 | D:5      | Reached XP level 8. HP: 59/71 MP: 7/7
  5213 | D:5      | Killed Menkaure
  5654 | D:5      | Upgraded the game from 0.30.0-18-gc0e69614cb to
                  | 0.30.1-4-g462c640d31
  5675 | D:6      | Noticed a two-headed ogre
  5684 | D:6      | Killed a two-headed ogre
  5685 | D:6      | Reached skill level 9 in Axes
  5876 | D:6      | Reached skill level 10 in Axes
  5883 | D:6      | Reached XP level 9. HP: 60/79 MP: 8/8
  6218 | D:6      | Found a sand-covered staircase.
  6720 | D:6      | Reached skill level 1 in Stealth
  7294 | D:7      | Found a basalt altar of Yredelemnul.
  7348 | D:7      | Found a white marble altar of Elyvilon.
  7393 | D:7      | Reached ***** piety under Trog
  7467 | D:7      | Noticed a troll
  7476 | D:7      | Killed a troll
  7477 | D:7      | Reached skill level 11 in Axes
  8139 | D:7      | Found a hide-covered altar of Uskayaw.
  8142 | D:7      | Found a blossoming altar of Fedhas.
  8145 | D:7      | Found a glowing golden altar of the Shining One.
  9185 | D:8      | Reached skill level 12 in Axes
  9185 | D:8      | Reached XP level 10. HP: 62/88 MP: 9/9
  9429 | D:8      | Noticed Maggie
  9439 | D:8      | Killed Maggie
  9934 | D:9      | Found an opulent altar of Gozag.
  9986 | D:9      | Reached skill level 10 in Armour
 10000 | D:9      | Identified the +11 executioner's axe "Hapoh" {flame, Fly
                  | rCorr Str-2 Dex+4} (Trog gifted it to you on level 9 of the
                  | Dungeon)
 10000 | D:9      | Received a gift from Trog
 10168 | D:9      | Found a staircase to the Orcish Mines.
 10171 | D:9      | Reached skill level 13 in Axes
 10461 | D:9      | Found a broken altar of Ashenzari.
 10975 | D:10     | Entered Level 10 of the Dungeon
 10979 | D:10     | Reached skill level 14 in Axes
 11372 | D:10     | Found a staircase to the Lair.
 11373 | D:10     | Noticed an oklob plant
 11418 | D:10     | Killed an oklob plant
 11419 | D:10     | Reached XP level 11. HP: 81/97 MP: 10/10
 11422 | Lair:1   | Entered Level 1 of the Lair of Beasts
 11493 | Lair:1   | Reached skill level 15 in Axes
 11952 | Lair:1   | Reached skill level 10 in Fighting
 11992 | Lair:1   | Reached skill level 16 in Axes
 12145 | Lair:1   | Received a gift from Trog
 13131 | Lair:2   | Found a staircase to the Snake Pit.
 13131 | Lair:2   | Found a staircase to the Shoals.
 13155 | Lair:2   | HP: 5/101 [yak (11)]
 13155 | Lair:2   | HP: 2/101 [yak (3)]
 13158 | Lair:2   | Mangled by a yak

Illustrated notes

Levels and vault maps discovered:
D:1:      spicycebolla_arrival_clurvy, layout_loops_corners,
          nicolae_ecumenical_lake_church, st_stairs_13, minivault_26
D:2:      minmay_chambers_of_ones, layout_loops_cross,
          minmay_misc_feat_secret_circle
D:3:      layout_loops_cross, kennysheep_cross_room
D:4:      layout_basic, mainiacjoe_overflow_tiny_flanked,
          minmay_temple_entry_fiery, nicolae_wormholes, uniq_eustachio
D:5:      layout_rooms, minivault_14, kennysheep_decorative_pillar, uniq_ijyb,
          uniq_menkaure, uniq_duvessa
D:6:      layout_basic, enter_ossuary_1, dreamdust_princess_corridor
D:7:      layout_rooms, mainiacjoe_overflow_24_doors, old_standard_altar,
          minitemple, minmay_misc_feat_four_crosses, grunt_tough_drop
D:8:      layout_loops_corners, uniq_maggie
D:9:      layout_basic, grunt_gozag_statues, evilmike_ruin_ashenzari,
          david_orc_4
D:10:     layout_long_grid, dpeg_oklobed_lair, gammafunk_ghost_arena,
          serial_shops, nicolae_shop_hallway_plus, minmay_unpleasant_kobolds,
          uniq_joseph
Temple:   compressed_dpeg_circular_temple
Lair:1:   layout_hall_layers, serial_rivers, chequers_serial_rivers_micro_c,
          chequers_serial_rivers_micro_e, chequers_serial_rivers_micro_e,
          chequers_serial_rivers_micro_d, chequers_serial_rivers_micro_e,
          chequers_serial_rivers_micro_e
Lair:2:   layout_chaotic_city, minmay_shoals_entry_centaurs,
          minmay_snake_entry_spellcaster, grunt_megastairs_3,
          serial_bayou_shore_a

Skill      XL: |  1  2  3  4  5  6  7  8  9 10 11 |
---------------+----------------------------------+-----
Axes           | 4 5 6 7 8 10 12 14 16 | 16.9
Fighting       | 4 5 6 7 8 9 10 | 10.6
Armour         | 3 4 6 8 9 10 11 | 11.8
Dodging        | 3 4 |  4.9
Stealth        | 1 |  1.8

Action                     |  1- 3 |  4- 6 |  7- 9 | 10-12 || total
---------------------------+-------+-------+-------+-------++-------
  Melee: Hand axe          |    92 |   131 |    80 |       ||   303
         Headbutt          |     8 |    17 |    50 |    34 ||   109
         Punch             |     1 |     4 |       |       ||     5
         War axe           |       |       |   175 |    49 ||   224
         Executioner's axe |       |       |       |   119 ||   119
 Invoke: Berserk           |       |     2 |     4 |     5 ||    11
    Use: Scroll            |       |       |    12 |     7 ||    19
         Potion            |       |       |       |     2 ||     2
 Armour: Chain mail        |    56 |    58 |   132 |    58 ||   304
  Dodge: Dodged            |    36 |    59 |   127 |   152 ||   374
